 Dungeon Crawl Stone Soup version 0.26-a0-667-g92642533e4 (webtiles) character file.

Game seed: 17872130996884981973

685 somkeydreadnuts the Shield-Bearer (level 7, -1/55 HPs)
             Began as a Formicid Fighter on Oct 17, 2020.
             Slain by a hound (6 damage)
             ... on level 5 of the Dungeon.
             The game lasted 00:09:01 (4427 turns).

somkeydreadnuts the Shield-Bearer (FoFi)            Turns: 4427, Time: 00:09:01

Health: -1/55      AC:  0    Str: 23    XL:     7   Next: 93%
Magic:  16/16      EV: 12    Int:  7    God:
Gold:   228        SH:  0    Dex: 10    Spells: 6/6 levels left

rFire    . . .     SeeInvis +   a - +1 war axe
rCold    . . .     Faith    .   (no shield)
rNeg     . . .     Spirit   .   (no armour)
rPois    .         Reflect  .   (helmet unavailable)
rElec    .         Harm     .   (no cloak)
rCorr    .         Rampage  .   (no gloves)
MR       .....                  (no boots)
Stlth    +.........             (no amulet)
HPRegen  0.18/turn              i - ring of magical power
MPRegen  0.15/turn              (no ring)

@: no status effects
A: permanent stasis, dig shafts and tunnels, four strong arms, antennae 3
a: Dig, Shaft Self


You were on level 5 of the Dungeon.
You visited 1 branch of the dungeon, and saw 5 of its levels.

You collected 228 gold pieces.

Inventory:

Hand Weapons
 a - a +1 war axe (weapon)
Armour
 b - a +0 scale mail
 c - a +0 kite shield
Jewellery
 i - a ring of magical power (left hand)
Wands
 k - a wand of acid (10)
 o - a wand of paralysis (7)
 p - a wand of random effects (14)
Scrolls
 h - a scroll of magic mapping {unknown}
 l - a scroll of fear {unknown}
 n - 6 scrolls of identify {unknown}
Potions
 d - 2 potions of might
 e - a potion of stabbing {unknown}
 f - a potion of lignification {unknown}
 g - 2 potions of heal wounds {unknown}
 j - a potion of flight {unknown}
 m - a potion of curing {unknown}
 q - a potion of experience {unknown}


   Skills:
 + Level 4.3 Fighting
 + Level 5.6 Axes
 + Level 4.6 Armour
 + Level 1.4 Dodging
 - Level 0.1 Stealth
 + Level 6.1 Shields


You had 6 spell levels left.
You didn't know any spells.
Your spell library was empty.

Dungeon Overview and Level Annotations

Branches:
Dungeon (5/15)
 Temple: D:4-7

Altars:
Kikubaaqudgha
Qazlal
Yredelemnul


Innate Abilities, Weirdness & Mutations

You cannot be hasted, slowed, berserked, paralysed or teleported.
You can dig through walls and to a lower floor.
Your four strong arms can wield two-handed weapons with a shield.
You have a pair of large antennae on your head. (SInv)


Message History

Keep disrobing?
The hound bites you. The yak gores you. x2
You start removing your armour.
You continue taking off your +0 kite shield.
The hound bites you. You block the hound's attack.
The yak completely misses you. The yak barely misses you.
You continue taking off your +0 kite shield.
The hound misses you. The yak barely misses you.
You continue taking off your +0 kite shield.
The hound bites you. The hound misses you. The yak gores you.
You continue taking off your +0 kite shield.
You block the hound's attack. The yak barely misses you.
You block the yak's attack. The yak barely misses you.
You finish taking off your +0 kite shield.
The hound bites you. The yak gores you!
* * * LOW HITPOINT WARNING * * *
The hound barely misses you. The yak barely misses you. The yak gores you!
* * * LOW HITPOINT WARNING * * *
The hound bites you.
You die...

#...# #..#.##
....... .......
# ..Z.... #.###
Y(.....
#....#YZ.....
#..@YY...#
#...hY......
...........#.#.
##.....#..##
#>...# .#.
#.... ...#
...... ## .
##.... ##


You could see 5 yaks, a hound, a bullfrog zombie and a killer bee zombie.

Vanquished Creatures
  Sigmund (D:4)
  An ogre (D:4)
  2 scorpions (D:4)
  A howler monkey (D:4)
  A hound (D:4)
  Jessica (D:3)
  3 worker ants (D:4)
  8 adders
  3 worms
  A dart slug (D:3)
  4 leopard geckos
  4 orcs
  2 ball pythons (D:2)
  6 giant cockroaches
  9 goblins
  11 hobgoblins
  2 jackals (D:2)
  6 kobolds
  3 quokkas
  10 bats
  4 frilled lizards
  12 rats
95 creatures vanquished.

Notes
Turn   | Place    | Note
-------+----------+-------------------------------------------
     0 | D:1      | somkeydreadnuts the Formicid Fighter began the quest for
                  | the Orb.
     0 | D:1      | Reached XP level 1. HP: 18/18 MP: 1/1
    79 | D:1      | Reached XP level 2. HP: 15/24 MP: 2/2
   415 | D:1      | Reached XP level 3. HP: 24/29 MP: 3/3
   477 | D:1      | Reached skill level 4 in Shields
   900 | D:2      | Found a basalt altar of Yredelemnul.
  1254 | D:2      | Found an ancient bone altar of Kikubaaqudgha.
  1489 | D:2      | Reached XP level 4. HP: 33/37 MP: 4/4
  2239 | D:3      | Reached XP level 5. HP: 31/42 MP: 5/5
  2614 | D:3      | Noticed Jessica
  2634 | D:3      | Killed Jessica
  3106 | D:4      | Noticed an ogre
  3110 | D:4      | Killed an ogre
  3110 | D:4      | Reached skill level 5 in Shields
  3110 | D:4      | Reached XP level 6. HP: 23/48 MP: 6/6
  3339 | D:4      | Noticed Sigmund
  3352 | D:4      | Killed Sigmund
  3352 | D:4      | Reached skill level 5 in Axes
  3352 | D:4      | Reached skill level 1 in Dodging
  3352 | D:4      | Reached XP level 7. HP: 34/54 MP: 7/7
  3802 | D:4      | Reached skill level 6 in Shields
  3827 | D:4      | Found a stormy altar of Qazlal.
  4415 | D:5      | Entered Level 5 of the Dungeon
  4415 | D:5      | Noticed a yak
  4415 | D:5      | Noticed a yak
  4415 | D:5      | Noticed a yak
  4417 | D:5      | Noticed a yak
  4418 | D:5      | Noticed a yak
  4427 | D:5      | Slain by a hound

Illustrated notes

Levels and vault maps discovered:
D:1:      onia_arrival_mini_spirals, layout_loops_ring
D:2:      layout_basic, yredelemnul_altar_generic, marbit_many_paths
D:3:      layout_loops_ring, st_stairs_1, minmay_pentomino_pile, uniq_jessica
D:4:      layout_basic, nicolae_qazlal_general_emergency, uniq_sigmund
D:5:      layout_rooms, lightli_temple_of_fire

Skill      XL: |  1  2  3  4  5  6  7 |
---------------+----------------------+-----
Shields        | 4 5 6 |  6.1
Axes           | 3 4 5 |  5.6
Fighting       | 4 |  4.3
Armour         | 4 |  4.6
Dodging        | 1 |  1.4
Stealth        | |  0.1

Action                   |  1- 3 |  4- 6 |  7- 9 || total
-------------------------+-------+-------+-------++-------
Melee: War axe           |   191 |   135 |    58 ||   384
       Whip              |       |    34 |       ||    34
  Use: Scroll            |     3 |     3 |       ||     6
Armor: Scale mail        |    99 |    73 |    33 ||   205
Dodge: Dodged            |    82 |    69 |    26 ||   177
Block: Kite shield       |    93 |   100 |    35 ||   228

Table legend: (Time is in decaauts)
 A = Elapsed time spent in this place.
 B = Non-inter-level travel time spent in this place.
 C = Inter-level travel time spent in this place.
 D = Time resting spent in this place.
 E = Time spent auto-exploring this place.
 F = Levels seen in this place.
 G = Mean time per level.
                   A        B        C        D        E       F      G
               +--------+--------+--------+--------+--------+-----+--------+
         Total |   4579 |   4558 |     21 |      0 |   3127 |   5 |  915.8 |
       Dungeon |   4579 |   4558 |     21 |      0 |   3127 |   5 |  915.8 |
               +--------+--------+--------+--------+--------+-----+--------+

Top non-repeatable levels by time:
     D:4: 1330 daAuts
     D:3: 1204 daAuts
     D:2: 1094 daAuts
     D:1: 937 daAuts
     D:5: 11 daAuts
